AoeStats
← Strangelyluke

Arena

510722768Analyzed
3v3 RM · 14h ago on Oct 2, 2026· 39m 46s· 6 players
Game mode
Random Map
Map size
Normal (6 player)
Population
200
Speed
Normal
Resources
Standard
Victory
Conquest
Starting age
Dark Age
Ending age
Imperial Age
RankedLock teamsTeams togetherTeam positionsShared explorationLock speedFull tech treeHidden civsTurbo modeCheats
Victory
Defeat
🇦🇺 Huns · Australia
664
+15
🇭🇷 Vietnamese · Croatia
613
+17
🇦🇺 Cumans · Australia
309
+28
695
-22
🇨🇳 Gurjaras · China
668
-21
535
-17
knez17
2:38 Loom
11:55 Feudal Age
12:36 Double-Bit Axe
13:32 Town Watch
19:07 Castle Age
18:23 Scale Barding Armor
19:13 Scale Mail Armor
19:24 Forging
22:18 Horse Collar
24:58 Stone Mining
27:14 Gold Mining
29:59 Stone Shaft Mining
29:25 Pikeman
30:56 Chain Mail Armor
31:17 Iron Casting
31:07 Ballistics
33:45 Heavy Plow
40:53 Imperial Age
Strangelyluke
9:00 Loom
11:23 Feudal Age
17:51 Castle Age
18:22 Wheelbarrow
17:34 Town Watch
22:56 Double-Bit Axe
24:36 Horse Collar
26:05 Bow Saw
26:11 Heavy Plow
27:16 Hand Cart
27:10 Stone Mining
28:42 Gold Mining
35:06 Imperial Age
33:57 Caravan
35:36 Marauders
36:17 Husbandry
36:28 Bloodlines
36:41 Conscription
36:10 Elite Tarkan
38:04 Two-Man Saw
36:40 Light Cavalry
39:39 Scale Barding Armor
39:55 Forging
39:38 Fletching
Sailor Jupiter
1:02 Loom
13:11 Feudal Age
14:00 Double-Bit Axe
14:01 Horse Collar
22:51 Castle Age
23:33 Forging
23:24 Scale Mail Armor
24:22 Man-at-Arms
27:02 Crossbowman
28:18 Murder Holes
31:28 Heavy Plow
31:34 Heated Shot
32:02 Scale Barding Armor
32:21 Fletching
32:35 Padded Archer Armor
32:45 Gold Mining
Gatherer
10:56 Feudal Age
12:15 Horse Collar
12:38 Double-Bit Axe
15:10 Castle Age
16:27 Heavy Plow
16:43 Bow Saw
16:37 Heavy Plow
21:17 Wheelbarrow
29:26 Imperial Age
27:50 Hand Cart
27:21 Loom
28:43 Scale Barding Armor
28:48 Forging
28:39 Padded Archer Armor
28:29 Fletching
28:24 Treadmill Crane
29:05 Ballistics
29:19 Gold Mining
29:19 Stone Mining
29:19 Gold Mining
29:19 Stone Mining
30:18 Iron Casting
30:03 Chain Barding Armor
29:59 Leather Archer Armor
31:19 Stone Shaft Mining
31:19 Gold Shaft Mining
31:07 Thumb Ring
30:23 Elite Elephant Archer
30:58 Town Watch
32:21 Crop Rotation
32:25 Bodkin Arrow
33:05 Plate Barding Armor
34:15 Husbandry
34:25 Bloodlines
34:15 Husbandry
34:25 Bloodlines
35:22 Chemistry
34:32 Masonry
35:22 Chemistry
34:18 Murder Holes
34:34 Fortified Wall
35:36 Bracer
36:31 Kshatriyas
38:07 Frontier Guards
38:10 Conscription
38:25 Hoardings
37:47 Light Cavalry
38:53 Hussar
那天人多没轮到我
0:27 Loom
14:03 Feudal Age
21:28 Castle Age
22:30 Horse Collar
22:39 Double-Bit Axe
23:46 Bow Saw
24:07 Stone Mining
24:07 Gold Mining
25:30 Stone Shaft Mining
27:14 Fletching
27:41 Heavy Plow
38:57 Imperial Age
MyGO!!!!! Dr. Shiina Taki
11:44 Feudal Age
13:10 Double-Bit Axe
15:50 Castle Age
17:25 Wheelbarrow
17:10 Bow Saw
20:37 Horse Collar
21:48 Hand Cart
22:59 Heavy Plow
23:09 Loom
23:46 Gold Mining
29:15 Imperial Age
31:18 Caravan
32:03 Conscription
31:57 Thunderclap Bombs
32:06 Elite Iron Pagoda
33:36 Ballistics
36:03 Two-Man Saw
35:39 Crop Rotation
37:04 Scale Barding Armor
37:10 Forging
Connection lost

Rejoining the realm…

Still unreachable

The connection could not be restored.

Session expired

The server has moved on; the page needs a fresh start.